 Dungeon Crawl Stone Soup version 0.29.0-4-gdea44cf6ec (webtiles) character file.

Game seed: 14174770936436531889

53 qw the Chopper (level 3, 0/21 HPs)
             Began as a Tengu Warper on Aug 28, 2022.
             Constricted to death by Terence (3 damage)
             ... on level 2 of the Dungeon.
             The game lasted 00:00:10 (2156 turns).

qw the Chopper (Tengu Warper)                       Turns: 2156, Time: 00:00:10

Health: 0/21       AC:  4    Str: 13    XL:     3   Next: 89%
Magic:  7/7        EV:  9    Int: 13    God:
Gold:   84         SH:  0    Dex: 13    Spells: 6/6 levels left

rFire   . . .      SeeInvis .   Y - +0 hand axe
rCold   . . .      Faith    .   (no shield)
rNeg    . . .      Spirit   .   b - +0 leather armour
rPois   .          Reflect  .   (helmet restricted)
rElec   .          Harm     .   (no cloak)
rCorr   .          Rampage  .   h - +0 pair of gloves
Will    .....                   (boots unavailable)
Stlth   +.........              (no amulet)
HPRegen 0.07/turn               (no ring)
MPRegen 0.10/turn               (no ring)

@: grasped by roots, constricted
A: beak, talons 3
a: no special abilities


You were on level 2 of the Dungeon.
You visited 1 branch of the dungeon, and saw 2 of its levels.

You collected 84 gold pieces.


Innate Abilities, Weirdness & Mutations

You have a beak for a mouth.
You have claws for feet.


   Skills:
 - Level 2.0 Fighting
 + Level 4.5 Axes
 - Level 1.0 Throwing
 - Level 1.1 Armour
 - Level 2.1 Dodging
 - Level 2.0 Spellcasting
 - Level 2.4 Translocations


You had 6 spell levels left.
You didn't know any spells.
Your spell library contained the following spells:

 Spells                   Type           Power      Damage    Failure   Level
 Blink                    Tloc           14%        N/A       19%         2
 Gell's Gravitas          Tloc           7%         N/A       36%         3
 Lesser Beckoning         Tloc           7%         N/A       36%         3
 Teleport Other           Tloc           7%         N/A       36%         3
 Manifold Assault         Tloc           7%         N/A       98%         5

Inventory:

Hand Weapons
 k - a +0 mace
 Y - a +0 hand axe (weapon)
Armour
 b - a +0 leather armour (worn)
 h - a +0 pair of gloves (worn)
Potions
 f - a potion of attraction {unknown}
 i - a potion of heal wounds {unknown}
 j - a potion of haste
 m - a potion of invisibility {unknown}

Dungeon Overview and Level Annotations

Branches:
Dungeon (2/15)

Altars:

Annotations:
D:2 Terence


Message History

Found an escape hatch in the floor.
You barely miss the rat. Your kick misses the rat. You peck the rat.
You kill the rat!
Terence the Incautious comes into view.
He is wielding a +0 short sword and carrying a wand of roots (12).
Terence zaps a wand.
The roots erupt in riotous growth!
The grasping roots grab you! The grasping roots constrict you.
You hear an angry hiss.
You escape the roots grasp.
Terence zaps a wand.
The roots erupt in riotous growth!
The grasping roots grab you! The grasping roots constrict you.
You escape the roots grasp.
An adder comes into view.
Terence hits you with a +0 short sword.
You hit Terence but do no damage. Your kick misses Terence.
Terence closely misses you.
You hit Terence but do no damage. Terence hits you with a +0 short sword.
You hit Terence but do no damage. Terence screams, "I want your blood!"
Terence barely misses you.
You hit Terence but do no damage. Terence hits you with a +0 short sword.
You closely miss the adder. Your kick misses the adder.
You hit Terence but do no damage. Terence hits you but does no damage.
The adder misses you.
You hit the adder. Your kick misses the adder. Your peck misses the adder.
The adder is moderately wounded.
You hit Terence but do no damage. The adder misses you.
Terence zaps a wand.
The roots erupt in riotous growth!
The grasping roots grab you!
The adder is unaffected.
Terence is unaffected.
The grasping roots constrict you.
You hit the adder. Your kick misses the adder. Your peck misses the adder.
The adder is heavily wounded.
You hit Terence but do no damage. The adder bites you but does no damage.
Terence hits you but does no damage. The grasping roots constrict you.
You die...

###### ####....#
#........#
#.......@#####
##.......@....+ .
........S.#####..
..>..............
.............##..
...........<.......#
..........#..#...#.#
###
.................#<#
#(.
########..#......#.#
#.# #.........#.#
##.#


You could see Terence and an adder.

Vanquished Creatures
  An adder (D:2)
  2 dart slugs (D:1)
  2 endoplasms
  4 giant cockroaches
  4 goblins
  3 hobgoblins
  5 jackals (D:1)
  4 ball pythons
  4 bats
  A frilled lizard (D:1)
  3 kobolds (D:1)
  2 rats
  A spectral goblin (D:1)
36 creatures vanquished.

Notes
Turn   | Place    | Note
-------+----------+-------------------------------------------
     0 | D:1      | qw the Tengu Warper began the quest for the Orb.
     0 | D:1      | Reached XP level 1. HP: 12/12 MP: 4/4
     0 | D:1      | 0 ||| qw: Version: 0.1-a-89-g26bdef1
     0 | D:1      | 0 ||| qw: Game counter: 1714
     0 | D:1      | 0 ||| qw: Always use a shield: true
     0 | D:1      | 0 ||| qw: God list: Okawaru
     0 | D:1      | 0 ||| qw: Allow faded altars: false
     0 | D:1      | 0 ||| qw: Do Orc after D:15 true
     0 | D:1      | 0 ||| qw: Do second Lair branch before Depths: true
     0 | D:1      | 0 ||| qw: Lair rune preference: random
     0 | D:1      | 0 ||| qw: Plans: Normal
     0 | D:1      | 0 ||| PLANNING D:1-11
   200 | D:1      | Reached skill level 3 in Axes
   200 | D:1      | Reached XP level 2. HP: 17/17 MP: 6/6
   264 | D:1      | 264 ||| Stepping ~*~*~tactically~*~*~ (hiding).
   656 | D:1      | 656 ||| DROPPING +0 club.
   743 | D:1      | Found a faded altar of an unknown god.
   744 | D:1      | 744 ||| Stepping ~*~*~tactically~*~*~ (stealth).
   746 | D:1      | 746 ||| Stepping ~*~*~tactically~*~*~ (stealth).
   803 | D:1      | Reached XP level 3. HP: 21/21 MP: 7/7
  1403 | D:1      | 1403 ||| UPGRADING to +0 pair of gloves.
  1408 | D:1      | 1408 ||| READING scroll labelled CIUWIUH FOEWK.
  1409 | D:1      | 1409 ||| READING scroll labelled IFAIMPUSOTT.
  1414 | D:1      | 1414 ||| READING scroll labelled HICEESKODEH.
  1415 | D:1      | 1415 ||| READING scroll labelled CUNUATUURU.
  1516 | D:1      | 1516 ||| DRINKING 2 blue potions.
  1517 | D:1      | 1517 ||| DRINKING 2 coppery potions.
  1518 | D:1      | 1518 ||| DROPPING scroll of blinking.
  1519 | D:1      | 1519 ||| DROPPING potion of brilliance.
  1570 | D:2      | Reached skill level 4 in Axes
  1792 | D:2      | 1792 ||| Stepping ~*~*~tactically~*~*~ (stealth).
  1837 | D:2      | 1837 ||| Stepping ~*~*~tactically~*~*~ (stealth).
  1839 | D:2      | 1839 ||| Stepping ~*~*~tactically~*~*~ (stealth).
  2047 | D:2      | 2047 ||| Stepping ~*~*~tactically~*~*~ (stealth).
  2049 | D:2      | 2049 ||| FLEEEEING.
  2050 | D:2      | 2050 ||| FLEEEEING.
  2052 | D:2      | 2052 ||| FLEEEEING.
  2053 | D:2      | 2053 ||| FLEEEEING.
  2054 | D:2      | 2054 ||| FLEEEEING.
  2055 | D:2      | 2055 ||| FLEEEEING.
  2056 | D:2      | 2056 ||| FLEEEEING.
  2057 | D:2      | 2057 ||| FLEEEEING.
  2058 | D:2      | 2058 ||| FLEEEEING.
  2059 | D:2      | 2059 ||| FLEEEEING.
  2060 | D:2      | 2060 ||| FLEEEEING.
  2145 | D:2      | Noticed Terence
  2153 | D:2      | HP: 5/21 [Terence/+0 short sword (6)]
  2156 | D:2      | Constricted to death by Terence

Levels and vault maps discovered:
D:1:      roderic_octagonal_star, layout_loops_corners,
          dreamdust_ecumenical_altar_drowned_temple
D:2:      layout_basic, serial_rivers, chequers_serial_rivers_micro_b,
          chequers_serial_rivers_marsh, chequers_serial_rivers_marsh,
          chequers_serial_rivers_marsh, chequers_serial_rivers_micro_c,
          uniq_terence

Skill      XL: |  1  2  3 |
---------------+----------+-----
Axes           | 3 4 |  4.5
Fighting       | |  2.0
Throwing       | |  1.0
Armour         | |  1.1
Dodging        | |  2.1
Spellcasting   | |  2.0
Translocations | |  2.4

Action                   || total
-------------------------++-------
Melee: Hand axe          ||    85
       Peck              ||    15
       Kick              ||    15
       Punch             ||     1
Throw: Boomerang         ||     7
  Use: Scroll            ||     4
       Potion            ||     2
Armor: Leather armour    ||    18
Dodge: Dodged            ||    41

Table legend:
 A = Non-vault XP
 B = Vault XP
 C = Vault XP percentage of total XP
 D = Non-vault monster count
 E = Vault monster count
 F = Vault count percentage of total count
                 A         B        C        D         E       F
            +---------+---------+-------+---------+---------+-------
      Total |      76 |       1 |   1.3 |      35 |       1 |   2.8
            +---------+---------+-------+---------+---------+-------
        D:1 |      42 |       1 |   2.3 |      22 |       1 |   4.3
        D:2 |      34 |       0 |   0.0 |      13 |       0 |   0.0
            +---------+---------+-------+---------+---------+-------
